[Event "ICC tourney 2376 (15 3)"]
[Site "Internet Chess Club"]
[Date "2021.02.06"]
[Round "6"]
[White "mewto12345"]
[Black "nb12"]
[Result "1-0"]
[ICCResult "Black resigns"]
[WhiteElo "1337"]
[BlackElo "1220"]
[Opening "Queen's bishop game"]
[ECO "D02"]
[NIC "QP.06"]
[Time "17:47:57"]
[PlyCount "47"]
[TimeControl "900+3"]

1. d4 Nf6 2. Nf3 d5 3. Bf4 g6 4. e3 Bg7 5. Bd3 O-O 6. O-O Nc6 7. h3 Re8 8.
Bg3 Nh5 9. Bh2 e5 10. dxe5 Nxe5 11. Nxe5 Bxe5 12. Bxe5 Rxe5 13. Nd2 Ng7 14.
Nf3 Re7 15. Re1 Bf5 16. Bxf5 Nxf5 17. Qd3 c6 18. Rad1 Qb6 19. Qa3 Rae8 20.
Rd3 Qc7 21. Qxa7 d4 22. Nxd4 Nxd4 23. Qxd4 Rd7 24. Qxd7 { Black resigns }
1-0

[Event "ICC tourney 2376 (15 3)"]
[Site "Internet Chess Club"]
[Date "2021.02.06"]
[Round "6"]
[White "shrishri"]
[Black "gpost0601"]
[Result "0-1"]
[ICCResult "White checkmated"]
[WhiteElo "400"]
[BlackElo "662"]
[Opening "Giuoco Piano: four knights variation"]
[ECO "C47"]
[NIC "VG.04"]
[Time "17:48:36"]
[PlyCount "34"]
[TimeControl "900+3"]

1. e4 e5 2. Nc3 Nf6 3. Nf3 Nc6 4. Bc4 Bc5 5. O-O O-O 6. d3 Bd4 7. Nxd4 Nxd4
8. Bg5 d6 9. Bxf6 Qxf6 10. Qd2 Bg4 11. f3 Bxf3 12. Nd5 Qg6 13. Rf2 Bxg2 14.
Qc3 Nf3+ 15. Rxf3 Bxf3+ 16. Kf1 Qg2+ 17. Ke1 Qe2# { White checkmated } 0-1

[Event "ICC tourney 2376 (15 3)"]
[Site "Internet Chess Club"]
[Date "2021.02.06"]
[Round "6"]
[White "PranavNallapeta"]
[Black "mfranks2021"]
[Result "1/2-1/2"]
[ICCResult "Black stalemated"]
[WhiteElo "265"]
[BlackElo "310"]
[Opening "Petrov: Italian variation"]
[ECO "C42"]
[NIC "RG.01"]
[Time "17:47:46"]
[PlyCount "63"]
[TimeControl "900+3"]

1. e4 e5 2. Nf3 Nf6 3. Bc4 Bc5 4. c3 O-O 5. d4 Nc6 6. dxc5 d5 7. exd5 Qd7
8. O-O Qg4 9. h3 Qf4 10. Bxf4 exf4 11. dxc6 Bf5 12. Nbd2 h5 13. cxb7 Rae8
14. g4 Be4 15. gxh5 Nxh5 16. Nxe4 Rxe4 17. Ng5 f3 18. Qxf3 Re7 19. Qxh5 g6
20. Qf3 Kg7 21. Nxf7 Rexf7 22. Bxf7 Rxf7 23. Qd3 Rf8 24. Rfe1 Rg8 25. Rad1
Kh6 26. Qd5 g5 27. Qxg8 Kh5 28. b8=Q Kh4 29. Qxc7 Kxh3 30. Qxa7 Kg4 31.
Qag7 Kf3 32. Qxg5 { Black stalemated } 1/2-1/2

[Event "ICC tourney 2376 (15 3)"]
[Site "Internet Chess Club"]
[Date "2021.02.06"]
[Round "6"]
[White "sanyamsho"]
[Black "SalvadorGabriel"]
[Result "1-0"]
[ICCResult "Black resigns"]
[WhiteElo "858"]
[BlackElo "772"]
[Opening "Four knights: Italian variation"]
[ECO "C47"]
[NIC "KP.06"]
[Time "17:48:09"]
[PlyCount "55"]
[TimeControl "900+3"]

1. e4 e5 2. Nf3 Nc6 3. Nc3 Nf6 4. Bc4 g6 5. Ng5 Bg7 6. Nxf7 Qe7 7. Nxh8
Bxh8 8. O-O d6 9. d3 Be6 10. Bg5 O-O-O 11. Qf3 h6 12. Bxh6 Nd4 13. Qd1 Nh7
14. Bxe6+ Qxe6 15. h3 Nf6 16. Bg5 c6 17. Bxf6 Qxf6 18. Qg4+ Kc7 19. b4 Rf8
20. b5 cxb5 21. Nd5+ Kc6 22. Nxf6 Rxf6 23. Qc8+ Kb6 24. Qxh8 Ne2+ 25. Kh2
Nf4 26. Qxf6 b4 27. Qxd6+ Kb5 28. Qxe5+ { Black resigns } 1-0

[Event "ICC tourney 2376 (15 3)"]
[Site "Internet Chess Club"]
[Date "2021.02.06"]
[Round "6"]
[White "anthonyiek"]
[Black "ZekeMc11"]
[Result "0-1"]
[ICCResult "White checkmated"]
[WhiteElo "1130"]
[BlackElo "1044"]
[Opening "Sicilian: Najdorf, Lipnitzky attack"]
[ECO "B86"]
[NIC "SI.13"]
[Time "17:47:52"]
[PlyCount "114"]
[TimeControl "900+3"]

1. e4 c5 2. Nf3 d6 3. d4 cxd4 4. Nxd4 Nf6 5. Nc3 a6 6. Bc4 e6 7. Bg5 Be7 8.
Qd2 Nc6 9. Nxc6 bxc6 10. O-O Bb7 11. Rad1 d5 12. exd5 cxd5 13. Bb3 O-O 14.
Rfe1 Re8 15. Ba4 Rf8 16. Re3 Qc7 17. Rg3 Nh5 18. Rg4 Nf6 19. Bxf6 Bxf6 20.
Qh6 Qe5 21. f4 Qf5 22. Rg3 Kh8 23. Qh3 Qxh3 24. Rxh3 Rfc8 25. Rdd3 Bc6 26.
Bxc6 Rxc6 27. Rh5 Rac8 28. Rdh3 h6 29. f5 Bxc3 30. bxc3 Rxc3 31. fxe6 fxe6
32. Rxc3 Rxc3 33. Re5 Rxc2 34. Rxe6 Rxa2 35. Re8+ Kh7 36. Rd8 Ra5 37. Rd6
g6 38. Kf2 Kg7 39. Ke3 Kf7 40. Kd4 Ra1 41. Kxd5 Rd1+ 42. Ke5 Rxd6 43. Kxd6
Kf6 44. Kc6 Ke5 45. Kb6 g5 46. Kxa6 h5 47. Kb6 g4 48. g3 Ke4 49. Kc6 Kf3
50. Kd6 Kg2 51. Ke6 Kxh2 52. Kf5 Kxg3 53. Kg5 Kf3 54. Kxh5 g3 55. Kh4 g2
56. Kh3 g1=Q 57. Kh4 Qg4# { White checkmated } 0-1

[Event "ICC tourney 2376 (15 3)"]
[Site "Internet Chess Club"]
[Date "2021.02.06"]
[Round "6"]
[White "deadmemes"]
[Black "dakshchamp"]
[Result "1-0"]
[ICCResult "Black checkmated"]
[WhiteElo "619"]
[BlackElo "353"]
[Opening "Gunderam defense"]
[ECO "C40"]
[NIC "KP.10"]
[Time "17:48:36"]
[PlyCount "143"]
[TimeControl "900+3"]

1. e4 e5 2. Nf3 Qe7 3. Nc3 Nf6 4. Bc4 b6 5. d3 Nc6 6. Ng5 Ng4 7. Nxf7 Rg8
8. O-O h5 9. Ng5 g6 10. Bf7+ Kd8 11. Bxg8 Bh6 12. Nf7+ Ke8 13. Nxh6 Qh4 14.
Nxg4 d6 15. Ne3 g5 16. Bd5 Bb7 17. Bxc6+ Bxc6 18. Ncd5 Bxd5 19. Nxd5 g4 20.
Nxc7+ Kd8 21. Nxa8 Ke8 22. Nc7+ Kd8 23. Ne6+ Ke7 24. Bg5+ Qxg5 25. Nxg5 Kf6
26. Nf3 gxf3 27. Qxf3+ Kg5 28. Qf8 h4 29. Qxd6 h3 30. Qxe5+ Kg6 31. Qb8 Kf6
32. Qxa7 Ke5 33. Qxb6 Kf4 34. Qe3+ Kg4 35. Qf4+ Kh5 36. Qg5+ Kxg5 37. gxh3
Kh4 38. Kh1 Kxh3 39. Rg1 Kh4 40. Rg4+ Kxg4 41. h3+ Kxh3 42. f4 Kg4 43. Kg1
Kxf4 44. Kf1 Ke3 45. c3 Kxd3 46. Ke1 Kc2 47. Rd1 Kxb2 48. Rb1+ Kxb1 49. Kf2
Kxa2 50. Kg3 Kb3 51. Kf4 Kxc3 52. Ke3 Kc4 53. Kf3 Kc5 54. Ke3 Kd6 55. Kf3
Ke5 56. Ke3 Kd6 57. Kf4 Ke6 58. e5 Ke7 59. Kf5 Ke8 60. e6 Kd8 61. Kf6 Ke8
62. e7 Kd7 63. Kf7 Kd6 64. e8=Q Kd5 65. Qe6+ Kc5 66. Qe4 Kd6 67. Kf6 Kd7
68. Qe5 Kd8 69. Qe7+ Kc8 70. Ke6 Kb8 71. Kd6 Kc8 72. Qc7# { Black
checkmated } 1-0

[Event "ICC tourney 2376 (15 3)"]
[Site "Internet Chess Club"]
[Date "2021.02.06"]
[Round "6"]
[White "Aurex"]
[Black "leonlunachen"]
[Result "0-1"]
[ICCResult "White checkmated"]
[WhiteElo "583"]
[BlackElo "1319"]
[Opening "Sicilian defense"]
[ECO "B40"]
[NIC "SI.43"]
[Time "17:47:56"]
[PlyCount "60"]
[TimeControl "900+3"]

1. e4 c5 2. Nf3 e6 3. Nc3 d5 4. exd5 exd5 5. Bb5+ Nc6 6. Ne5 Qd6 7. Qe2 Be7
8. O-O a6 9. Ba4 c4 10. Nxc6 bxc6 11. Re1 Be6 12. d3 cxd3 13. Qxd3 Nf6 14.
Bg5 O-O 15. Ne2 h6 16. Bf4 Qc5 17. Be3 Qd6 18. Nf4 Bd7 19. Ne2 Qc7 20. Qd2
c5 21. Nf4 Bxa4 22. Nxd5 Rad8 23. Nxe7+ Qxe7 24. Qc1 Qc7 25. b3 Bd7 26. g3
Bh3 27. Bxh6 Qc6 28. f3 Qxf3 29. Re2 Qxe2 30. Bxg7 Qg2# { White checkmated
} 0-1

[Event "ICC tourney 2376 (15 3)"]
[Site "Internet Chess Club"]
[Date "2021.02.06"]
[Round "6"]
[White "ThatOneGuyNick"]
[Black "Chess-knight"]
[Result "1-0"]
[ICCResult "Black checkmated"]
[WhiteElo "1121"]
[BlackElo "876"]
[Opening "Queen's pawn game, Chigorin variation"]
[ECO "D02"]
[NIC "QP.08"]
[Time "17:47:42"]
[PlyCount "59"]
[TimeControl "900+3"]

1. d4 d5 2. Nf3 Nc6 3. Bf4 Nf6 4. e3 e6 5. a3 Be7 6. Nc3 O-O 7. Nb5 Ne8 8.
Bd3 Nd6 9. Nxd6 Bxd6 10. Bg3 Na5 11. c3 Nc4 12. Qc2 a6 13. Bxh7+ Kh8 14.
Bd3 b5 15. Bxc4 bxc4 16. Bxd6 cxd6 17. h4 f6 18. g4 e5 19. g5 e4 20. Nd2
Kg8 21. g6 Bf5 22. h5 Re8 23. O-O-O Bg4 24. Rdg1 Bf5 25. Qd1 Kf8 26. h6 Re7
27. h7 Re8 28. h8=Q+ Ke7 29. Qxg7+ Ke6 30. Qf7# { Black checkmated } 1-0

[Event "ICC tourney 2376 (15 3)"]
[Site "Internet Chess Club"]
[Date "2021.02.06"]
[Round "6"]
[White "Roy123"]
[Black "sherwinrasekh"]
[Result "1-0"]
[ICCResult "Black resigns"]
[WhiteElo "919"]
[BlackElo "1103"]
[Opening "Queen's pawn game"]
[ECO "A50"]
[NIC "QP.07"]
[Time "17:47:46"]
[PlyCount "57"]
[TimeControl "900+3"]

1. d4 Nf6 2. c4 c6 3. Nc3 d5 4. Bf4 Nbd7 5. Nf3 e6 6. e3 Bb4 7. a3 Bxc3+ 8.
bxc3 Ne4 9. Qc2 Qa5 10. Rc1 Qxa3 11. cxd5 cxd5 12. Bd3 Ndf6 13. O-O O-O 14.
Ne5 b6 15. f3 Nxc3 16. Qxc3 Qxc3 17. Rxc3 Bb7 18. Bg5 Ne8 19. Nd7 f6 20.
Nxf8 Kxf8 21. Bh4 a5 22. Rb1 a4 23. Rxb6 Bc8 24. Rb1 Nd6 25. Ra3 Bd7 26.
Kf1 g5 27. Bg3 Nb5 28. Bxb5 Bxb5+ 29. Rxb5 { Black resigns } 1-0

[Event "ICC tourney 2376 (15 3)"]
[Site "Internet Chess Club"]
[Date "2021.02.06"]
[Round "6"]
[White "BobbyKnight"]
[Black "McEntire87"]
[Result "1-0"]
[ICCResult "Black resigns"]
[WhiteElo "1343"]
[BlackElo "1251"]
[Opening "Danish gambit: Collijn defense"]
[ECO "C21"]
[NIC "KP.04"]
[Time "17:47:45"]
[PlyCount "51"]
[TimeControl "900+3"]

1. e4 e5 2. d4 exd4 3. c3 dxc3 4. Bc4 cxb2 5. Bxb2 Qe7 6. Nc3 Qb4 7. Qd5
Nh6 8. Rb1 Qd6 9. Nf3 Qxd5 10. Nxd5 Kd8 11. Be5 d6 12. Bf4 c6 13. Ne3 b5
14. Bb3 Be6 15. O-O Bxb3 16. axb3 g6 17. Rfd1 Ng8 18. Bxd6 Bxd6 19. Rxd6+
Ke7 20. Rbd1 Nf6 21. e5 Nfd7 22. b4 a5 23. bxa5 Rxa5 24. Ng4 h5 25. Nf6
Nxf6 26. exf6+ { Black resigns } 1-0

[Event "ICC tourney 2376 (15 3)"]
[Site "Internet Chess Club"]
[Date "2021.02.06"]
[Round "6"]
[White "Elin123"]
[Black "SamPozen"]
[Result "0-1"]
[ICCResult "White checkmated"]
[WhiteElo "917"]
[BlackElo "1293"]
[Opening "QGD: Semi-Tarrasch defense"]
[ECO "D40"]
[NIC "TD.05"]
[Time "17:47:46"]
[PlyCount "136"]
[TimeControl "900+3"]

1. d4 d5 2. c4 e6 3. Nc3 Nf6 4. Nf3 c5 5. e3 Nc6 6. Bd3 cxd4 7. exd4 Bb4 8.
O-O O-O 9. Qb3 dxc4 10. Bxc4 Qe7 11. Be3 Na5 12. Qc2 Nxc4 13. Nb5 Nxe3 14.
fxe3 Bd6 15. Nxd6 Qxd6 16. e4 Qc6 17. Qd3 Qxe4 18. Qd2 Rd8 19. Rae1 Qd5 20.
Re5 Qxa2 21. Rg5 Ne4 22. Qc1 Nxg5 23. Qxg5 Qd5 24. Qh4 Bd7 25. Ng5 h6 26.
Nxf7 Bc6 27. Qg3 Qxg2+ 28. Qxg2 Bxg2 29. Kxg2 Rf8 30. Ne5 Rxf1 31. Kxf1 Rd8
32. Nf3 g5 33. h3 Rd5 34. Ke2 Kf7 35. Kd3 Rf5 36. Ne5+ Kf6 37. Nd7+ Ke7 38.
Nc5 Rf3+ 39. Kc4 Rxh3 40. Nxb7 g4 41. Nc5 g3 42. Nd3 g2 43. Nf4 g1=Q 44.
Nxh3 Qc1+ 45. Kd3 Qxb2 46. Nf4 Qb1+ 47. Ke3 a5 48. Nd3 h5 49. Nc5 h4 50.
Kf3 Qf5+ 51. Kg2 Qxc5 52. dxc5 a4 53. Kf2 a3 54. Kg2 a2 55. Kh3 a1=Q 56.
Kxh4 Kd7 57. Kg5 Kc6 58. Kf4 Kxc5 59. Ke4 Qd4+ 60. Kf3 Qe5 61. Kf2 Qe4 62.
Kf1 Qc2 63. Ke1 Kd4 64. Kf1 Qd2 65. Kg1 Qe2 66. Kh1 Ke3 67. Kg1 Kf3 68. Kh1
Qg2# { White checkmated } 0-1

[Event "ICC tourney 2376 (15 3)"]
[Site "Internet Chess Club"]
[Date "2021.02.06"]
[Round "6"]
[White "jrcrawford512"]
[Black "BotanicalKnight"]
[Result "0-1"]
[ICCResult "White checkmated"]
[WhiteElo "1219"]
[BlackElo "1399"]
[Opening "English opening: Agincourt variation"]
[ECO "A13"]
[NIC "QP.09"]
[Time "17:47:59"]
[PlyCount "46"]
[TimeControl "900+3"]

1. Nf3 d5 2. c4 e6 3. e3 f5 4. d4 Nf6 5. Nc3 Be7 6. Bd3 c6 7. O-O O-O 8.
Ne5 Nbd7 9. Nf3 Ne4 10. Bxe4 fxe4 11. Nd2 Nf6 12. h3 Qe8 13. c5 Bd8 14. b4
a6 15. Ne2 e5 16. Bb2 exd4 17. Bxd4 Nh5 18. g4 Qg6 19. Nf4 Nxf4 20. exf4
Rxf4 21. Be3 Bxg4 22. f3 Bxf3+ 23. Kh2 Qg2# { White checkmated } 0-1

[Event "ICC tourney 2376 (15 3)"]
[Site "Internet Chess Club"]
[Date "2021.02.06"]
[Round "6"]
[White "brass60Six"]
[Black "jhong3"]
[Result "0-1"]
[ICCResult "White checkmated"]
[WhiteElo "1146"]
[BlackElo "1071"]
[Opening "Pirc: classical system, 5.Be2"]
[ECO "B08"]
[NIC "PU.03"]
[Time "17:48:36"]
[PlyCount "124"]
[TimeControl "900+3"]

1. d4 d6 2. e4 Nf6 3. Nc3 g6 4. Nf3 Bg7 5. Be2 O-O 6. O-O Nc6 7. Bf4 Bg4 8.
h3 Bxf3 9. Bxf3 Qd7 10. Be3 a5 11. Qe2 Rab8 12. Rfe1 b6 13. d5 Ne5 14. Bf4
Nxf3+ 15. Qxf3 b5 16. a3 b4 17. axb4 axb4 18. Ne2 e5 19. Bd2 c5 20. Ng3
Rfc8 21. c4 bxc3 22. Bxc3 Rb3 23. Qd1 Rbb8 24. Qc2 c4 25. Rab1 Rb3 26. Ra1
Qb5 27. Reb1 Qd7 28. Ra3 Rcb8 29. Rxb3 cxb3 30. Qd3 Qa4 31. Bd2 Rc8 32. Ne2
Nxe4 33. Nc3 Nxc3 34. Bxc3 e4 35. Qe3 Qa2 36. Qxe4 Bxc3 37. bxc3 Rxc3 38.
Qe8+ Kg7 39. Qe4 Rc2 40. Qd4+ Kg8 41. Re1 Re2 42. Rxe2 Qxe2 43. Qa1 b2 44.
Qb1 Qd2 45. Kh2 Qf4+ 46. g3 Qxf2+ 47. Kh1 Qd2 48. g4 Qc1+ 49. Qxc1 bxc1=Q+
50. Kg2 Kf8 51. Kf3 Qc3+ 52. Kg2 Ke7 53. h4 Kf6 54. g5+ Kf5 55. Kf2 Qd3 56.
Kg2 Kf4 57. h5 gxh5 58. g6 hxg6 59. Kh2 Kf3 60. Kh3 Qf1+ 61. Kh4 Qg1 62.
Kh3 Qg3# { White checkmated } 0-1

[Event "ICC tourney 2376 (15 3)"]
[Site "Internet Chess Club"]
[Date "2021.02.06"]
[Round "6"]
[White "t105mm"]
[Black "akhilsd"]
[Result "1-0"]
[ICCResult "Black checkmated"]
[WhiteElo "1090"]
[BlackElo "900"]
[Opening "Trompowsky attack (Ruth, Opocenský opening)"]
[ECO "A45"]
[NIC "QP.07"]
[Time "17:48:03"]
[PlyCount "101"]
[TimeControl "900+3"]

1. d4 Nf6 2. Bg5 e6 3. Nc3 g6 4. Bxf6 Qxf6 5. e3 Nc6 6. Nf3 d5 7. Bb5 Bd7
8. O-O O-O-O 9. a3 Kb8 10. Qd3 Bd6 11. e4 dxe4 12. Nxe4 Qe7 13. c4 f5 14.
Nc3 h5 15. Rfe1 g5 16. d5 Ne5 17. Nxe5 Bxe5 18. Rxe5 Bxb5 19. cxb5 Rd6 20.
Rae1 Rh6 21. Qxf5 exf5 22. Rxe7 b6 23. R1e6 Rdxe6 24. dxe6 Kc8 25. Re8+ Kb7
26. e7 Re6 27. h3 g4 28. Nd5 Re1+ 29. Kh2 h4 30. hxg4 fxg4 31. Rh8 c6 32.
e8=Q Rxe8 33. Rxe8 cxd5 34. Rh8 d4 35. Rxh4 d3 36. Rxg4 d2 37. Rd4 d1=Q 38.
Rxd1 a5 39. bxa6+ Kxa6 40. g4 b5 41. g5 b4 42. axb4 Kb5 43. g6 Kxb4 44. g7
Kb3 45. g8=Q+ Kxb2 46. Qb8+ Kc2 47. Qb1+ Kc3 48. Qd3+ Kb2 49. Rd2+ Kc1 50.
Qe3 Kb1 51. Qe1# { Black checkmated } 1-0

[Event "ICC tourney 2376 (15 3)"]
[Site "Internet Chess Club"]
[Date "2021.02.06"]
[Round "6"]
[White "greasyaluminum"]
[Black "bonaparte1984"]
[Result "1-0"]
[ICCResult "Black checkmated"]
[WhiteElo "1364"]
[BlackElo "1333"]
[Opening "Sicilian: Scheveningen (Paulsen), classical variation"]
[ECO "B84"]
[NIC "SI.23"]
[Time "17:47:48"]
[PlyCount "121"]
[TimeControl "900+3"]

1. e4 c5 2. Nf3 d6 3. d4 cxd4 4. Nxd4 Nf6 5. Nc3 a6 6. Be2 e6 7. Be3 Nc6 8.
O-O Be7 9. Qd2 Qc7 10. Rad1 b5 11. a3 Bb7 12. f3 Ne5 13. Ndxb5 axb5 14.
Nxb5 Qb8 15. Nxd6+ Bxd6 16. Qxd6 Qxd6 17. Rxd6 O-O 18. Rfd1 Rfc8 19. c3 h6
20. Bd4 Nc4 21. Bxc4 Rxc4 22. Bxf6 gxf6 23. Rd7 Ba6 24. R1d2 Rb8 25. R7d4
e5 26. Rd6 Bc8 27. Rxf6 Kg7 28. Rfd6 Be6 29. Kf2 Rc7 30. Ke3 Kf6 31. Rd8
Rxd8 32. Rxd8 Rd7 33. Rxd7 Bxd7 34. b4 Bb5 35. g3 h5 36. f4 exf4+ 37. gxf4
Ke6 38. Kd4 f6 39. c4 Ba4 40. b5 Kd6 41. c5+ Kd7 42. b6 Bc6 43. e5 fxe5+
44. Kxe5 Bf3 45. a4 Kc6 46. f5 Kxc5 47. f6 Bd5 48. b7 Bxb7 49. f7 Bc6 50.
f8=Q+ Kb6 51. Qd6 Ka5 52. Qxc6 Kb4 53. Qb5+ Kc3 54. Qd5 Kb4 55. a5 Kc3 56.
a6 Kc2 57. a7 Kc3 58. a8=Q Kb4 59. Qc8 Ka4 60. Qdb7 Ka5 61. Qca8# { Black
checkmated } 1-0

[Event "ICC tourney 2376 (15 3)"]
[Site "Internet Chess Club"]
[Date "2021.02.06"]
[Round "6"]
[White "mshr06"]
[Black "MarcusB"]
[Result "0-1"]
[ICCResult "White resigns"]
[WhiteElo "926"]
[BlackElo "1343"]
[Opening "Queen's pawn, Mason variation"]
[ECO "D00"]
[NIC "QP.08"]
[Time "17:48:11"]
[PlyCount "90"]
[TimeControl "900+3"]

1. d4 d5 2. Bf4 Nf6 3. e3 Nc6 4. c4 e6 5. Nf3 Bb4+ 6. Nbd2 O-O 7. Bd3 Bd6
8. Bxd6 Qxd6 9. O-O e5 10. c5 Qe6 11. Ng5 Qe7 12. dxe5 Qxe5 13. Ngf3 Qxb2
14. e4 dxe4 15. Nxe4 Nxe4 16. Bxe4 Qb4 17. Bc2 Qxc5 18. Qd3 g6 19. Rac1 Bf5
20. Qb3 Bxc2 21. Rxc2 Qb6 22. Qd3 Nb4 23. Qc3 Nxc2 24. Qxc2 Rad8 25. Rb1
Qc6 26. Qb2 Qa6 27. Ne5 Qd6 28. Rf1 Rfe8 29. Ng4 Qf4 30. Nf6+ Kf8 31. Nxh7+
Ke7 32. Re1+ Kd6 33. Qa3+ c5 34. Qd3+ Kc6 35. Qc3 Rxe1+ 36. Qxe1 Qd4 37. h3
Qd1 38. Qxd1 Rxd1+ 39. Kh2 Rd2 40. Nf6 Rxf2 41. Ne4 Rxa2 42. Nc3 Ra3 43.
Ne4 c4 44. g4 c3 45. Kg3 c2+ { White resigns } 0-1

[Event "ICC tourney 2376 (15 3)"]
[Site "Internet Chess Club"]
[Date "2021.02.06"]
[Round "6"]
[White "bwbingyi"]
[Black "Switchbored"]
[Result "0-1"]
[ICCResult "White checkmated"]
[WhiteElo "101"]
[BlackElo "913"]
[Opening "Scotch game"]
[ECO "C45"]
[NIC "SO.04"]
[Time "17:50:16"]
[PlyCount "66"]
[TimeControl "900+3"]

1. e4 e5 2. Nf3 Nc6 3. d4 exd4 4. Nxd4 Nxd4 5. Qxd4 d6 6. Bb5+ Bd7 7. Bxd7+
Qxd7 8. O-O Qg4 9. h3 Qh4 10. Qa4+ c6 11. b3 Nf6 12. e5 Qxa4 13. bxa4 dxe5
14. Bb2 Bd6 15. Re1 O-O 16. Bxe5 Rfe8 17. f4 Bc5+ 18. Kh1 Nd5 19. Nd2 Rad8
20. Nb3 Nb4 21. Rac1 Bf2 22. Re2 Bg3 23. a3 Nd5 24. c4 Nxf4 25. Re4 Nd3 26.
Rc3 Nf2+ 27. Kg1 Nxe4 28. Bxg3 Nxc3 29. Bc7 Rd1+ 30. Kh2 h5 31. Nc5 h4 32.
Nxb7 Ree1 33. g3 Rd2# { White checkmated } 0-1

[Event "ICC tourney 2376 (15 3)"]
[Site "Internet Chess Club"]
[Date "2021.02.06"]
[Round "6"]
[White "ibiwisi"]
[Black "mvarshney"]
[Result "0-1"]
[ICCResult "White checkmated"]
[WhiteElo "1383"]
[BlackElo "503"]
[Opening "Réti opening"]
[ECO "A04"]
[NIC "QP.11"]
[Time "17:47:51"]
[PlyCount "72"]
[TimeControl "900+3"]

1. Nf3 Nc6 2. g3 e5 3. d3 Bb4+ 4. c3 Ba5 5. b4 Bb6 6. Bd2 Nf6 7. c4 Bd4 8.
Nxd4 Nxd4 9. Bg2 O-O 10. O-O d5 11. cxd5 Nxd5 12. Nc3 Nxb4 13. Ne4 Nbc2 14.
Rc1 Bg4 15. f3 Bh5 16. e3 Nxe3 17. Bxe3 Nf5 18. Bf2 Nd6 19. Bc5 Re8 20.
Nxd6 cxd6 21. Be3 Qa5 22. Qb3 h6 23. Rb1 b6 24. Rfd1 d5 25. Bd2 Qc5+ 26.
Kh1 e4 27. Rdc1 Qf2 28. Bb4 Bxf3 29. Bxf3 exf3 30. Qc2 Qe3 31. Re1 Qd4 32.
Rxe8+ Rxe8 33. Bc3 Qe3 34. Rf1 d4 35. Bd2 Qe2 36. Qd1 Qg2# { White
checkmated } 0-1

[Event "ICC tourney 2376 (15 3)"]
[Site "Internet Chess Club"]
[Date "2021.02.06"]
[Round "6"]
[White "Charris626"]
[Black "ztraynor"]
[Result "1-0"]
[ICCResult "Black checkmated"]
[WhiteElo "1001"]
[BlackElo "1210"]
[Opening "Caro-Kann defense"]
[ECO "B10"]
[NIC "CK.01"]
[Time "17:47:46"]
[PlyCount "97"]
[TimeControl "900+3"]

1. e4 c6 2. Nf3 d5 3. e5 Bf5 4. d4 e6 5. Nc3 c5 6. Bb5+ Nc6 7. O-O Qb6 8.
Be3 cxd4 9. Nxd4 Bb4 10. Nxf5 Qc7 11. Nd4 Bxc3 12. bxc3 O-O-O 13. Nxc6 bxc6
14. Ba6+ Kd7 15. Rb1 Qxe5 16. Rb7+ Ke8 17. Bc5 Qxc3 18. Bb4 Qe5 19. Qf3 f5
20. Re1 Qf6 21. Qe3 Rd7 22. Rb8+ Kf7 23. Rf8+ Kg6 24. Rxf6+ Nxf6 25. Qxe6
Re8 26. Qxe8+ Nxe8 27. Rxe8 d4 28. Re6+ Kg5 29. Bd2+ f4 30. Rxc6 d3 31.
Bxd3 Rb7 32. h4+ Kxh4 33. Kh2 Kg4 34. Be2+ Kg5 35. Re6 Rb2 36. Re5+ Kf6 37.
Bc3 Rxc2 38. Rc5+ Kf7 39. Rc7+ Ke6 40. Bg4+ Kd5 41. Bf3+ Ke6 42. Rc6+ Kd7
43. Kg1 Rxa2 44. Rc4 Rc2 45. Bc6+ Ke6 46. Re4+ Kf5 47. Re5+ Kg4 48. Bf3+
Kh4 49. Rh5# { Black checkmated } 1-0

[Event "ICC tourney 2376 (15 3)"]
[Site "Internet Chess Club"]
[Date "2021.02.06"]
[Round "6"]
[White "PsychonautYogi"]
[Black "advaysoria"]
[Result "1-0"]
[ICCResult "Black checkmated"]
[WhiteElo "1103"]
[BlackElo "660"]
[Opening "Ponziani: Jaenisch counter-attack"]
[ECO "C44"]
[NIC "KP.05"]
[Time "17:47:46"]
[PlyCount "117"]
[TimeControl "900+3"]

1. e4 e5 2. Nf3 Nc6 3. c3 Nf6 4. d4 d6 5. d5 Ne7 6. Bg5 Nxe4 7. Qa4+ Bd7 8.
Qxe4 h6 9. Bxe7 Bxe7 10. Nbd2 O-O 11. Be2 f5 12. Qc2 c5 13. dxc6 bxc6 14.
Nc4 d5 15. Ncxe5 Bf6 16. O-O f4 17. Nxd7 Qxd7 18. Rad1 Rfe8 19. Rfe1 Re7
20. Nd4 Bxd4 21. cxd4 Rae8 22. Kf1 Re6 23. Qf5 Rf8 24. Qg4 Rd8 25. Bf3
Rxe1+ 26. Rxe1 Qxg4 27. Bxg4 Kf7 28. Re5 Kf6 29. Ke2 Kg6 30. Bf3 Rb8 31. b3
Rb4 32. Kd3 a5 33. Re6+ Kf5 34. Rxc6 a4 35. bxa4 Rxa4 36. Rc5 Rxa2 37.
Rxd5+ Ke6 38. Re5+ Kd6 39. Re2 Ra3+ 40. Ke4 Ra8 41. Kxf4 Rf8+ 42. Ke4 Kc6
43. Rc2+ Kb5 44. Ke5 Re8+ 45. Kd6 Rd8+ 46. Ke5 Re8+ 47. Kf4 Rf8+ 48. Ke3
Re8+ 49. Kd3 Rd8 50. Rc5+ Kb4 51. Be4 Ra8 52. Bxa8 Kb3 53. d5 Kb2 54. d6
Kb3 55. d7 Kb4 56. Rc4+ Kb5 57. Bc6+ Kb6 58. d8=Q+ Ka7 59. Ra4# { Black
checkmated } 1-0

[Event "ICC tourney 2376 (15 3)"]
[Site "Internet Chess Club"]
[Date "2021.02.06"]
[Round "6"]
[White "GrayMatter552"]
[Black "Kinkajou2"]
[Result "1-0"]
[ICCResult "Black checkmated"]
[WhiteElo "945"]
[BlackElo "293"]
[Opening "Philidor's defense"]
[ECO "C41"]
[NIC "KP.10"]
[Time "17:47:42"]
[PlyCount "95"]
[TimeControl "900+3"]

1. e4 e5 2. Nf3 d6 3. Be2 Nf6 4. d3 Nc6 5. c3 Be7 6. Be3 O-O 7. O-O Be6 8.
h3 h6 9. Nbd2 Qd7 10. d4 exd4 11. Nxd4 Nxd4 12. cxd4 d5 13. e5 Bf5 14. exf6
Bxf6 15. Rc1 c6 16. Nb3 b6 17. Bd2 Rfe8 18. Re1 Rac8 19. Rc3 c5 20. Rg3 g5
21. dxc5 bxc5 22. Ba6 Rcd8 23. Nxc5 Qc6 24. Rxe8+ Rxe8 25. Bb4 Rb8 26. Qe1
Rxb4 27. Qxb4 Be7 28. Rc3 d4 29. Qxd4 Bf6 30. Qd8+ Kg7 31. Qd2 Bxc3 32.
Qxc3+ Kh7 33. Bb7 Qc7 34. Bd5 Qd6 35. Bxf7 Qe7 36. Qc4 a6 37. Nxa6 Qd7 38.
Nc5 Qe7 39. b4 Qf8 40. a4 Bd7 41. Nxd7 Qd8 42. Qe4+ Kh8 43. Qe5+ Kh7 44.
Nf6+ Kg7 45. Qe6 Qd1+ 46. Kh2 Qd4 47. Nh5+ Kh8 48. Qxh6# { Black checkmated
} 1-0

[Event "ICC tourney 2376 (15 3)"]
[Site "Internet Chess Club"]
[Date "2021.02.06"]
[Round "6"]
[White "anseltrinidad"]
[Black "abasilio5"]
[Result "0-1"]
[ICCResult "White checkmated"]
[WhiteElo "1364"]
[BlackElo "973"]
[Opening "Caro-Kann defense"]
[ECO "B11"]
[NIC "CK.01"]
[Time "17:47:58"]
[PlyCount "60"]
[TimeControl "900+3"]

1. e4 c6 2. Nc3 d5 3. exd5 cxd5 4. Nf3 Bf5 5. Bb5+ Nc6 6. d3 a6 7. Ba4 b5
8. Bb3 e6 9. Qe2 Nf6 10. Bg5 Ne7 11. Bxf6 gxf6 12. O-O Rg8 13. Rfe1 Bh3 14.
Nh4 Nf5 15. Nxf5 Rxg2+ 16. Kh1 Qc7 17. Ng3 Bd6 18. Qf3 O-O-O 19. Rg1 Rxg1+
20. Rxg1 Rg8 21. Nce2 Bg4 22. Qe3 f5 23. f3 f4 24. Qd2 Bxf3+ 25. Rg2 Bxg2+
26. Kxg2 fxg3 27. hxg3 Bxg3 28. Kf3 d4 29. Qh6 Qc6+ 30. Bd5 Qxd5# { White
checkmated } 0-1